 Dungeon Crawl Stone Soup version 0.29.1-1-gd02db6906a (webtiles) character file.

Game seed: 31087625237792914

86 Icepheonix32 the Firebug (level 4, 0/34 HPs)
             Began as a Draconian Fire Elementalist on Sept 22, 2022.
             Slain by Robin
             ... wielding a +2 antimagic spear
              (2 damage)
             ... on level 2 of the Dungeon.
             The game lasted 00:02:47 (2136 turns).

Icepheonix32 the Firebug (DrFE)                     Turns: 2136, Time: 00:02:48

Health: 0/34       AC:  6    Str: 10 (11) XL:     4   Next: 27%
Magic:  7/8        EV: 12    Int: 16 (17) God:
Gold:   119        SH:  0    Dex: 10 (11) Spells: 7/8 levels left

rFire   . . .      SeeInvis .   o - +1 short sword (holy)
rCold   . . .      Faith    .   (no shield)
rNeg    . . .      Spirit   .   (body armour unavailable)
rPois   +          Reflect  .   (helmet restricted)
rElec   .          Harm     .   m - scarf {repulsion}
rCorr   .          Rampage  .   n - +0 pair of gloves
Will    +....                   (no boots)
Stlth   ++........              (no amulet)
HPRegen 0.11/turn               (no ring)
MPRegen 0.11/turn               (no ring)

@: brilliant, repel missiles
A: AC +5, unfitting armour, cold-blooded, antennae 1, strong-willed 1, poison
resistance
a: no special abilities


You were on level 2 of the Dungeon.
You visited 1 branch of the dungeon, and saw 2 of its levels.

You collected 119 gold pieces.

Inventory:

Hand Weapons
 h - a +0 short sword
 o - a +1 short sword of holy wrath (weapon)
Missiles
 p - 5 boomerangs
Armour
 m - a scarf of repulsion (worn)
 n - a +0 pair of gloves (worn)
Scrolls
 b - a scroll of brand weapon {unknown}
 e - 2 scrolls of identify {unknown}
 g - 2 scrolls of enchant weapon {unknown}
 i - a scroll of teleportation {unknown}
 j - 2 scrolls of blinking {unknown}
 l - a scroll of fog {unknown}
Potions
 a - a potion of magic


   Skills:
 + Level 0.3 Fighting
 + Level 0.6 Short Blades
 + Level 2.0 Dodging
 + Level 1.9 Stealth
 * Level 2.6 Spellcasting
 * Level 2.7 Conjurations
 + Level 3.3 Fire Magic


You had 7 spell levels left.
You knew the following spells:

 Your Spells              Type           Power      Damage    Failure   Level
a - Foxfire               Conj/Fire      68%        2x1d7     5%          1

Your spell library contained the following spells:

 Spells                   Type           Power      Damage    Failure   Level
 Scorch                   Fire           38%        2d7       8%          2
 Conjure Flame            Conj/Fire      17%        6-21      17%         3
 Inner Flame              Hex/Fire       11%        N/A       28%         3
 Flame Wave               Conj/Fire      17%        2d7       50%         4


Dungeon Overview and Level Annotations

Branches:
Dungeon (2/15)

Altars:

Annotations:
D:2 Robin


Innate Abilities, Weirdness & Mutations

Your plain brown scales are hard. (AC +5)
You cannot fit into any form of body armour.
You are cold-blooded and may be slowed by cold attacks.
You have a pair of small antennae on your head.
You are strong-willed. (Will+)
Your system is resistant to poisons. (rPois)


Message History

The goblin no longer looks unusually strong.
The goblin hits you with a +2 dagger of venom.
* * * LOW HITPOINT WARNING * * *
It was a potion of brilliance.
You feel clever all of a sudden. The goblin barely misses you.
Robin roars a battlecry!
The goblins go into a battle-frenzy!
You feel better.
The goblin no longer looks unusually strong.
The goblin hits you with a +2 dagger of venom.
* * * LOW HITPOINT WARNING * * *
Magic courses through your body. The goblin closely misses you.
Robin's horned helmet rattles.
Unknown command.
You closely miss the goblin.
The goblin is moderately wounded.
The goblin hits you with a +2 dagger of venom.
* * * LOW HITPOINT WARNING * * *
Robin roars a battlecry!
The goblin goes into a battle-frenzy!
Unknown command.
Casting: Foxfire (safe; 5% risk of failure)
Confirm with . or Enter, or press ? or * to list all spells.
You feel a surge of power!
You conjure some foxfire!
The goblin hits you but does no damage.
Robin points. "Kill!"
Robin closely misses you.
Unknown command.
You hit the goblin.
The goblin is severely wounded.
The foxfire hits Robin.
Robin is lightly wounded.
Robin says, "A pitiful Draconian like you will never find the ORB!"
Robin completely misses you. The goblin misses you.
Casting: Foxfire (safe; 5% risk of failure)
Confirm with . or Enter, or press ? or * to list all spells.
You feel a surge of power!
You conjure some foxfire!
The goblin misses you.
Robin hits you from afar with a +2 antimagic spear.
You die...

.g..## #...#.#
######).####...#.#
.....#).)gg..)..>#
.##..#.######..#)#
.###.#.v.......#g#
.###.#..######.#g#
.....#..# ..#g#
.....#..# ###v#
##...#..#.# #@#
####.#..#.# #g#
#....#..#.# #b#
.....#..#.# #.#
........#.# #.#
.....#.##.# #.#
.###.#.##.# #.# .#
#.#.##.# #.# .#
#.#....#


You could see Robin (ally target), 3 goblins and a bat.

Vanquished Creatures
  3 adders (D:2)
  2 worms (D:2)
  3 ball pythons (D:2)
  3 bats
  6 endoplasms
  3 giant cockroaches
  10 goblins
  6 hobgoblins
  4 jackals (D:2)
  A quokka (D:2)
  4 frilled lizards
  A kobold (D:2)
  3 rats
49 creatures vanquished.

Vanquished Creatures (others)
  108 foxfires
  4 plants (D:2)
112 creatures vanquished.

Grand Total: 161 creatures vanquished

Notes
Turn   | Place    | Note
-------+----------+-------------------------------------------
     0 | D:1      | Icepheonix32 the Draconian Fire Elementalist began the
                  | quest for the Orb.
     0 | D:1      | Reached XP level 1. HP: 14/14 MP: 3/3
   457 | D:1      | Reached XP level 2. HP: 16/20 MP: 1/5
  1244 | D:2      | Found a faded altar of an unknown god.
  1269 | D:2      | Reached XP level 3. HP: 26/26 MP: 0/6
  2089 | D:2      | Reached XP level 4. HP: 33/33 MP: 3/7
  2093 | D:2      | Noticed Robin
  2106 | D:2      | Gained mutation: You have a pair of small antennae on your
                  | head. [potion of mutation]
  2106 | D:2      | Gained mutation: You are strong-willed. (Will+) [potion of
                  | mutation]
  2106 | D:2      | Gained mutation: Your system is resistant to poisons.
                  | (rPois) [potion of mutation]
  2133 | D:2      | HP: 1/34 [goblin/+2 dagger of venom[Robin] (3)]
  2136 | D:2      | Slain by Robin

Illustrated notes

Levels and vault maps discovered:
D:1:      spicycebolla_green_bress_n_ham, layout_rooms
D:2:      minmay_recursive_quarters, layout_basic,
          ebering_ecumenical_altar_sacrificial, chequers_arboretum,
          serial_bayou_pond_c, minmay_hexomino_p4, uniq_robin

Skill      XL: |  1  2  3 |
---------------+----------+-----
Conjurations   | 2 |  2.7
Dodging        | 2 |  2.0
Fighting       | |  0.3
Short Blades   | |  0.6
Stealth        | |  1.9
Spellcasting   | |  2.6
Fire Magic     | |  3.3

Action                   |  1- 3 |  4- 6 || total
-------------------------+-------+-------++-------
Melee: Unarmed           |    14 |       ||    14
       Short sword       |    79 |    18 ||    97
       Tailslap          |    13 |     1 ||    14
 Cast: Foxfire           |    66 |     5 ||    71
  Use: Potion            |       |     6 ||     6
 Stab: Sleeping          |     2 |       ||     2
Armor: Skin              |    44 |    14 ||    58
Dodge: Dodged            |   102 |    22 ||   124
